 Dungeon Crawl Stone Soup version 0.31.0-11-ge490571c62 (webtiles) character file.

Game seed: 15056377157603690459

15647 mopl the Summoner (level 12, -1/68 HPs)
             Began as a Tengu Summoner on Feb 8, 2024.
             Was a Priest of Sif Muna.
             Killed from afar by a deep elf knight (35 damage)
             ... with a shard of ice
             ... on level 10 of the Dungeon on Feb 9, 2024.
             The game lasted 00:30:14 (14193 turns).

mopl the Summoner (Tengu Summoner)                 Turns: 14193, Time: 00:30:15

Health: -1/68      AC: 11    Str:  9    XL:     12   Next: 29%
Magic:  13/27      EV: 38    Int: 19    God:    Sif Muna [***...]
Gold:   325        SH:  0    Dex: 16    Spells: 7/31 levels left

rFire   . . .        a - +0 trident
rCold   . . .        (no shield)
rNeg    . . .        K - +0 steam dragon scales
rPois   .            (helmet restricted)
rElec   .            F - +0 cloak
rCorr   .            (no gloves)
SInv    .            (boots unavailable)
Will    .....        (no amulet)
Stlth   ++           x - +5 ring of evasion
HPRegen 0.31/turn    N - +4 ring of protection
MPRegen 0.20/turn

%: acrobat
@: acrobatic, unable to call your familiar, flying
A: beak, talons 3, evasive flight, acrobatic
a: Renounce Religion, Channel Magic, Forget Spell


You were on level 10 of the Dungeon.
You worshipped Sif Muna.
Sif Muna was most pleased with you.
You visited 2 branches of the dungeon, and saw 12 of its levels.
You also visited: Sewer.

You collected 647 gold pieces.
You spent 322 gold pieces at shops.

Inventory:

Hand Weapons
 a - a +0 trident (weapon)
 c - a +0 dagger
 f - a +0 orcbow of draining
 q - a +1 spectral quarterstaff
 B - a +2 sling of freezing
 S - a +2 antimagic trident
Missiles
 h - 52 poisoned darts
 y - 8 javelins
 I - 6 darts of dispersal
 J - a curare-tipped dart
 T - 2 throwing nets
Armour
 r - the +1 robe "Vath" {Dex+9 Stlth+}
   (You found it on level 4 of the Dungeon)

   Dex+9:     It affects your dexterity (+9).
   Stlth+:    It makes you more stealthy.
 C - a +0 robe of willpower
 F - a +0 cloak (worn)
 K - +0 steam dragon scales (worn)
 P - the +0 ring mail of Deng {rElec}
   (You found it on level 8 of the Dungeon)

   rElec:     It insulates you from electricity.
Jewellery
 j - a ring of protection from cold
 x - a +5 ring of evasion (left hand)
 M - a ring of resist corrosion
 N - a +4 ring of protection (right hand)
 Q - a ring of positive energy
Wands
 m - a wand of charming (18)
 E - a wand of polymorph (16)
 V - a wand of mindburst (11)
 X - a wand of iceblast (5)
Scrolls
 d - 5 scrolls of poison
 p - 4 scrolls of revelation
 t - 2 scrolls of fog {unknown}
 v - a scroll of silence
 z - 3 scrolls of teleportation
 A - a scroll of enchant weapon {unknown}
 D - 2 scrolls of brand weapon {unknown}
 G - 3 scrolls of blinking
 H - a scroll of enchant armour
 O - 2 scrolls of summoning {unknown}
 R - 6 scrolls of fear
 U - 2 scrolls of vulnerability {unknown}
Potions
 b - 2 potions of magic
 e - 2 potions of enlightenment
 g - 2 potions of lignification
 i - 9 potions of curing
 k - 2 potions of brilliance
 l - 3 potions of might
 n - 4 potions of attraction
 o - a potion of mutation
 s - a potion of resistance
 u - a potion of cancellation
 w - 6 potions of heal wounds
 L - 2 potions of berserk rage
 W - a potion of haste
 Y - a potion of ambrosia {unknown}


   Skills:
 + Level 5.0 Fighting
 + Level 8.1 Polearms
 + Level 4.6 Armour
 + Level 5.4 Dodging
 - Level 2.0 Stealth
 * Level 10.1 Spellcasting
 * Level 13.6 Summonings
 + Level 3.3 Translocations
 + Level 3.4 Invocations
 + Level 1.1 Evocations


You had 7 spell levels left.
You knew the following spells:

 Your Spells              Type           Power      Damage    Failure   Level
a - Summon Small Mammal   Summ           100%       N/A       1%          1
b - Call Imp              Summ           100%       N/A       1%          2
c - Call Canine Familiar  Summ           57%        N/A       1%          3
d - Summon Ice Beast      Ice/Summ       35%        N/A       1%          3
e - Blink                 Tloc           44%        N/A       2%          2
f - Summon Lightning Spi  Summ/Air       35%        N/A       4%          4
g - Summon Blazeheart Go  Fire/Summ      35%        N/A       4%          4
v - Summon Mana Viper     Hex/Summ       35%        N/A       12%         5

Your spell library contained the following spells:

 Spells                   Type           Power      Damage    Failure   Level
 Lesser Beckoning         Tloc           44%        N/A       2%          2
 Momentum Strike          Conj/Tloc      30%        3d8       5%          2
 Magic Dart               Conj           36%        1d4       8%          1
 Sandblast                Erth           18%        2d7       8%          1
 Ensorcelled Hibernation  Hex/Ice        18%        N/A       11%         2
 Fugue of the Fallen      Necr           9%         N/A       22%         3
 Passwall                 Erth           9%         N/A       22%         3
 Sigil of Binding         Hex            9%         N/A       22%         3
 Stone Arrow              Conj/Erth      18%        3d8       22%         3
 Monstrous Menagerie      Summ           28%        N/A       24%         7
 Dimensional Bullseye     Hex/Tloc       7%         N/A       36%         4
 Anguish                  Hex/Necr       4%         N/A       58%         4
 Brom's Barrelling Bould  Conj/Erth      9%         2d3       58%         4


Dungeon Overview and Level Annotations

Branches:
Dungeon (11/15)            Temple (1/1) D:7            Lair (0/5) D:10
    Orc (0/2) D:9           Sewer (visited)

Altars:
Ashenzari
Cheibriados
Dithmenos
Elyvilon
Fedhas
Gozag
Hepliaklqana
Kikubaaqudgha
Makhleb
Nemelex Xobeh
Okawaru
Qazlal
Ru
Sif Muna
Trog
Uskayaw
Vehumet
Wu Jian
Xom
Yredelemnul
Zin
The Shining One

Shops:
D:2 *   D:4 [   D:6 *   D:10 *

Annotations:
D:7 exclusion: oklob plant
D:8 2 transporters


Innate Abilities, Weirdness & Mutations

You have a beak for a mouth.
You have claws for feet.
Your magical flight helps you evade attacks. (EV +4)
You can magically evade attacks while moving or waiting.


Message History

You are knocked back by the lance of force.
You slam into the rock wall!
Unknown command.
There is a stone staircase leading up, spattered with blood here.
Your familiar recovers from its injuries.
Something hits you!
You fly upwards.
Reactivating autopickup.
There is a stone staircase leading down here.
You start resting.
Something misses you. Something closely misses you.
Casting: Summon Blazeheart Golem (dangerous; 4% risk of failure)
Confirm with . or Enter, or press ? or * to list all spells.
You call for your canine familiar and it appears with a howl!
Something hits you.
Deactivating autopickup; reactivate with Ctrl-A.
You swap places.
Something hits you.
Your inugami misses something.
You hear some strange, mumbled words.
A shard of ice appears from out of thin air!
The shard of ice misses you.
Okay, then.
Okay, then.
Unknown command.
Unknown command.
Okay, then.
Unknown command.
Okay, then.
Okay, then.
Unknown command.
Unknown command.
Casting: Call Canine Familiar (safe; 1% risk of failure)
Confirm with . or Enter, or press ? or * to list all spells.
A fiery spirit appears, bound in slag iron.
Something hits your inugami! Something hits your inugami!!
Your inugami dies!
Your inugami disappears in a puff of smoke!
You hear some strange, mumbled words.
A shard of ice appears from out of thin air!
The shard of ice hits you!!
Ouch! That really hurt!
You die...

............#...............#
............##....##........#
#####........#######........#
# #........#....##..##...## #
#........#....##(.##...## #
#........#.{...#........#
#####.........>#..##........#
.......#########..######....#
.......Y...# #.@9#....#....#
.......#h..# #...#....#....#
.......#..## ##..#....'...##
.#######...# ####....#...##
##.........##### ######....#
..........#....# #.....#
..........#....# #....######
..........#....# #....##....
###..###..#....# #..........


You could see a friendly blazeheart golem (summoned).

Vanquished Creatures
  2 two-headed ogres
  An ugly thing (D:11)
  Maggie (D:7)
  A komodo dragon (D:10)
  5 wyverns
  A vampire (D:11)
  3 yaks
  A water moccasin (D:4)
  An ice beast (D:6)
  3 ogres (D:6)
  2 centaurs
  4 kobold brigands
  A brain worm (Sewer)
  3 bullfrogs
  A scorpion (D:6)
  2 wights (D:7)
  A killer bee (D:10)
  A nameless horror (D:5)
  A howler monkey (D:8)
  A bombardier beetle (D:4)
  2 centaur zombies (D:9)
  3 jellies (D:7)
  3 orc priests
  A hound (D:6)
  Natasha (thrice) (D:3)
  9 iguanas
  3 orc wizards
  2 gnolls (D:2)
  10 adders
  4 river rats (Sewer)
  2 shadow imps
  2 white imps (D:7)
  2 ufetubi (D:7)
  3 dart slugs
  2 ribbon worms
  17 orcs
  10 endoplasms
  4 giant cockroaches
  9 goblins
  4 hobgoblins
  12 jackals
  A quokka (D:5)
  12 ball pythons
  5 bats
  7 frilled lizards
  13 kobolds
  9 rats
190 creatures vanquished.

Vanquished Creatures (collateral kills)
  A hydra (D:10)
  3 two-headed ogres
  A manticore (D:11)
  A cyclops (D:11)
  A black mamba (shapeshifter) (D:10)
  A kobold demonologist (D:11)
  A komodo dragon (D:10)
  A troll (D:9)
  A queen bee (shapeshifter) (D:10)
  2 hornets
  A basilisk (D:10)
  A spriggan (shapeshifter) (D:11)
  8 yaks
  A wyvern (D:8)
  5 vampire mosquitoes (D:11)
  2 acid dragons
  A water moccasin (D:7)
  A swamp drake (D:10)
  3 black bears
  An ice beast (D:5)
  6 orc warriors
  A sky beast (D:7)
  An ogre (D:6)
  2 phantoms (D:6)
  A kobold brigand (D:8)
  A brain worm (Sewer)
  2 scorpions
  A gnoll sergeant (D:9)
  3 wights (D:7)
  6 killer bees
  An electric eel (D:10)
  2 hounds
  3 jellies
  A gnoll bouda (D:7)
  2 orc priests
  A sleepcap (D:6)
  An iguana (D:6)
  5 orc wizards
  13 gnolls
  2 adders
  A shadow imp (D:6)
  A white imp (D:5)
  A howler monkey simulacrum (D:10)
  18 orcs
  6 endoplasms (D:7)
  2 giant cockroaches (D:4)
  2 goblins
  A frilled lizard (Sewer)
  13 kobolds
  3 rats
140 creatures vanquished.

Vanquished Creatures (others)
  2 blazeheart cores
2 creatures vanquished.

Grand Total: 332 creatures vanquished

Notes
Turn   | Place    | Note
-------+----------+-------------------------------------------
     0 | D:1      | mopl the Tengu Summoner began the quest for the Orb.
     0 | D:1      | Reached XP level 1. HP: 10/10 MP: 4/4
    68 | D:1      | Reached skill level 5 in Summonings
    97 | D:1      | Reached XP level 2. HP: 15/15 MP: 6/6
   100 | D:1      | Learned a level 2 spell: Call Imp
   668 | D:1      | Reached XP level 3. HP: 12/19 MP: 7/7
   719 | D:1      | Learned a level 3 spell: Call Canine Familiar
   952 | D:2      | Found Pimpawn's Assorted Antiques.
   964 | D:2      | Bought 2 grey potions for 37 gold pieces
  1895 | D:3      | Reached XP level 4. HP: 2/24 MP: 5/9
  1896 | D:3      | HP: 1/24 [poisoned by an adder]
  2314 | D:2      | Reached skill level 1 in Polearms
  2314 | D:2      | Reached skill level 6 in Summonings
  2399 | D:3      | Reached XP level 5. HP: 28/28 MP: 11/11
  2404 | D:3      | Learned a level 4 spell: Summon Blazeheart Golem
  2437 | D:3      | You fall into a shaft and drop 3 floors!
  2464 | D:5      | Entered Level 5 of the Dungeon
  2516 | D:5      | Noticed a phantom
  2665 | D:6      | Killed a phantom
  2666 | D:6      | Reached XP level 6. HP: 31/32 MP: 7/13
  2750 | D:4      | Identified the +1 robe "Vath" {Dex+9 Stlth+}
  2783 | D:4      | Found Daumas's Armour Shop.
  2865 | D:4      | Found a glowing drain.
  2869 | Sewer    | Entered a sewer
  3140 | Sewer    | Reached skill level 7 in Summonings
  3252 | Sewer    | Gained mutation: Your magical flight helps you evade
                  | attacks. (EV +4) [Tengu growth]
  3252 | Sewer    | Reached XP level 7. HP: 32/36 MP: 12/14
  3807 | D:4      | Learned a level 4 spell: Summon Lightning Spire
  4098 | D:3      | Noticed Natasha
  4104 | D:3      | Killed Natasha
  4116 | D:3      | Reached skill level 5 in Spellcasting
  4306 | D:3      | Noticed Natasha
  4315 | D:3      | Killed Natasha
  4467 | D:3      | Noticed Natasha
  4476 | D:3      | Killed Natasha
  4682 | D:2      | Bought a scroll labelled LIPTUI GU NITO for 21 gold pieces
  4682 | D:2      | Bought a scroll labelled NUMYTE IMUULL for 21 gold pieces
  4682 | D:2      | Bought a scroll labelled OTWUR WURAR for 21 gold pieces
  4913 | D:4      | Reached skill level 8 in Summonings
  5220 | D:4      | Reached XP level 8. HP: 41/41 MP: 14/17
  5466 | D:5      | Noticed a two-headed ogre
  5568 | D:5      | Found a white marble altar of Elyvilon.
  5738 | D:5      | Killed a two-headed ogre
  5739 | D:5      | Reached skill level 5 in Polearms
  5739 | D:5      | Reached skill level 9 in Summonings
  5739 | D:5      | Reached XP level 9. HP: 45/45 MP: 12/20
  5946 | D:5      | Reached skill level 10 in Summonings
  6709 | D:6      | Found Dulito Utze's General Store.
  6829 | D:6      | Reached skill level 1 in Fighting
  6856 | D:6      | Reached skill level 11 in Summonings
  7065 | D:6      | Noticed a hornet
  7072 | D:6      | Killed a hornet
  7338 | D:7      | Reached XP level 10. HP: 49/53 MP: 19/23
  7422 | D:7      | Reached skill level 1 in Armour
  7634 | D:7      | Learned a level 2 spell: Blink
  7738 | D:7      | Noticed Maggie
  7753 | D:7      | Killed Maggie
  7958 | D:7      | Found a staircase to the Ecumenical Temple.
  8218 | Temple   | Entered the Ecumenical Temple
  8231 | Temple   | Became a worshipper of Sif Muna the Loreminder
  8507 | D:7      | Noticed an oklob plant
  9535 | D:8      | Found a broken altar of Ashenzari.
  9537 | D:8      | Noticed a gargoyle
  9540 | D:8      | Found a transporter.
  9563 | D:8      | Reached skill level 12 in Summonings
  9617 | D:8      | Reached skill level 1 in Translocations
  9843 | D:8      | Found a transporter.
  9977 | D:8      | Reached * piety under Sif Muna
 10080 | D:8      | Identified the +0 ring mail of Deng {rElec}
 10389 | D:9      | Reached skill level 1 in Invocations
 10439 | D:9      | Found a staircase to the Orcish Mines.
 10622 | D:9      | Reached ** piety under Sif Muna
 10633 | D:9      | Reached XP level 11. HP: 28/60 MP: 18/25
 10810 | D:9      | Noticed a two-headed ogre
 10830 | D:9      | Killed a two-headed ogre
 10941 | D:9      | Found a basalt altar of Yredelemnul.
 11045 | D:9      | Learned a level 3 spell: Summon Ice Beast
 11051 | D:9      | Learned a level 5 spell: Summon Mana Viper
 11139 | D:9      | Found a radiant altar of Vehumet.
 11144 | D:9      | Found a bloodstained altar of Trog.
 11147 | D:9      | Found a hide-covered altar of Uskayaw.
 11147 | D:9      | Found an ancient bone altar of Kikubaaqudgha.
 11154 | D:9      | Found an iron altar of Okawaru.
 11453 | D:10     | Entered Level 10 of the Dungeon
 11465 | D:10     | Noticed a two-headed ogre
 11477 | D:10     | Killed a two-headed ogre
 11539 | D:10     | Noticed a two-headed ogre
 11552 | D:10     | Killed a two-headed ogre
 11853 | D:10     | Noticed a five-headed hydra
 11886 | D:10     | Killed a five-headed hydra
 11956 | D:10     | Found Cumoum's General Store.
 11974 | D:10     | Bought a scroll of teleportation for 36 gold pieces
 11974 | D:10     | Bought a scroll of poison for 48 gold pieces
 11974 | D:10     | Bought a scroll of fear for 48 gold pieces
 11974 | D:10     | Bought a scroll of revelation for 90 gold pieces
 12009 | D:10     | Noticed a two-headed ogre
 12041 | D:10     | Killed a two-headed ogre
 12042 | D:10     | Reached skill level 13 in Summonings
 12899 | D:10     | Found a staircase to the Lair.
 13026 | D:11     | Noticed a purple ugly thing
 13036 | D:11     | Killed a purple ugly thing
 13037 | D:11     | Reached skill level 5 in Dodging
 13039 | D:11     | Reached XP level 12. HP: 67/67 MP: 17/26
 13203 | D:11     | Reached skill level 10 in Spellcasting
 13572 | D:11     | Noticed a war gargoyle
 13579 | D:11     | Noticed a deep elf knight
 13920 | D:11     | Reached skill level 5 in Fighting
 13962 | D:11     | Reached skill level 1 in Evocations
 13964 | D:11     | Reached *** piety under Sif Muna
 14193 | D:10     | Killed from afar by a deep elf knight

Illustrated notes

Levels and vault maps discovered:
D:1:      dpeg_arrival_three_same_balls, layout_loops_ring
D:2:      layout_loops_corners, serial_co_window_serial, co_window_cross_1,
          co_window_of_opportunity_a, co_window_corner_a,
          co_window_of_opportunity_a, co_window_of_opportunity_a,
          co_window_unsneaky_path_a, co_window_corner_b, co_window_paths_c,
          glass_columns_c, glass_columns_c, glass_columns_a, glass_columns_a,
          serial_shops, nicolae_shop_temple_entry_statues_fountains,
          roderic_serpentine_path, minmay_tetromino_s2
D:3:      layout_rooms, chequers_arboretum, minmay_quadrilaterals, uniq_natasha
D:4:      layout_basic, gup_sewer_entry_bowl, serial_shops, shop,
          minmay_tree_intersection, minmay_pentangle
D:5:      layout_basic, nicolae_elyvilon_temple_path
D:6:      cheibrodos_barr_body, layout_basic, serial_shops,
          nicolae_shop_waterfront
D:7:      lemuel_slime, layout_basic, minmay_temple_entry_stoned_glass,
          minmay_misc_feat_encased, uniq_maggie
D:8:      layout_loops_corners, gammafunk_temple_overflow_arena
D:9:      layout_long_grid, nicolae_overflow_hallway_of_the_gods,
          lemuel_zombie_altar_yredelemnul,
          kennysheep_orc_monster_closet_entryway
D:10:     layout_gridville, erik_lair_dragon, serial_shops,
          nicolae_shop_just_a_little_nook, grunt_ogre_cave, fountainhead,
          kb_rosetta
D:11:     minmay_mutant_horseshoe, layout_basic, kennysheep_another_room
Temple:   nicolae_temple_ecumenical_triangle

Skill      XL: |  1  2  3  4  5  6  7  8  9 10 11 12 |
---------------+-------------------------------------+-----
Summonings     | 5 6 7 8 9 11 12 13 | 13.6
Spellcasting   | 3 4 5 6 8 9 10 | 10.1
Polearms       | 1 2 3 5 6 7 8 |  8.1
Fighting       | 2 3 4 5 |  5.0
Armour         | 2 4 |  4.6
Dodging        | 3 5 |  5.4
Translocations | 1 3 |  3.3
Invocations    | 1 3 |  3.4
Evocations     | 1 |  1.1
Stealth        | |  2.0

Action                     |  1- 3 |  4- 6 |  7- 9 | 10-12 || total
---------------------------+-------+-------+-------+-------++-------
  Melee: Unarmed           |    12 |       |       |     6 ||    18
         Kick              |    28 |    30 |   110 |   107 ||   275
         Peck              |    18 |    19 |    59 |    81 ||   177
         Dagger            |    85 |       |       |       ||    85
         Trident           |    24 |   119 |   326 |   369 ||   838
         Punch             |       |     1 |     8 |     3 ||    12
   Fire: Orcbow            |       |       |    12 |     5 ||    17
   Cast: Call Canine Famil |     1 |     7 |    16 |    34 ||    58
         Call Imp          |       |    11 |     2 |    13 ||    26
         Summon Lightning  |       |       |     2 |    47 ||    49
         Summon Blazeheart |       |       |       |    17 ||    17
         Summon Ice Beast  |       |       |       |    29 ||    29
         Blink             |       |       |       |     2 ||     2
  Evoke: Wand              |       |       |       |     1 ||     1
    Use: Potion            |     1 |       |       |       ||     1
         Scroll            |       |       |    10 |     8 ||    18
   Stab: Sleeping          |     6 |     4 |    13 |     2 ||    25
         Distracted        |       |     2 |     4 |     5 ||    11
 Armour: Robe              |    58 |    59 |    95 |     8 ||   220
         Steam dragon scal |       |       |       |   124 ||   124
         Skin              |       |       |       |     1 ||     1
  Dodge: Dodged            |    95 |    87 |   295 |   328 ||   805
